 Dungeon Crawl Stone Soup version 0.19.1-1-g22dce08 (webtiles) character file.

70 ImaNewbie the Ruffian (level 4, 0/36 HPs)
             Began as a Ghoul Warper on Jan 15, 2017.
             Slain by a gnoll
             ... wielding a +0 flail
              (3 damage)
             ... on level 2 of the Dungeon.
             The game lasted 00:02:47 (1142 turns).

ImaNewbie the Ruffian (Ghoul Warper)                Turns: 1142, Time: 00:02:48

Health: 0/36       AC:  3    Str: 14    XL:     4   Next: 21%
Magic:  5/5        EV: 11    Int:  9    God:
Gold:   77         SH:  0    Dex:  8    Spells: 0 memorised, 6 levels left

rFire  . . .     SeeInvis .       - Unarmed
rCold  + . .     Gourm    .     a - +0 leather armour
rNeg   + + +     Faith    .     (no shield)
rPois  ∞         Spirit   .     (no helmet)
rElec  .         Reflect  .     (no cloak)
rCorr  .         Harm     .     (no gloves)
MR     .....                    (no boots)
Stlth  ++........               (no amulet)
                                (no ring)
                                n - ring of stealth

@: rotting
A: rotting body, claws 1, carnivore 3, cold resistance 1, negative energy
resistance 3, slow regeneration 1, torment resistance, unbreathing
a: no special abilities


You were on level 2 of the Dungeon.
You were not hungry.

You visited 1 branch of the dungeon, and saw 2 of its levels.

You collected 77 gold pieces.

Inventory:

Missiles
 d - 5 tomahawks of dispersal (quivered)
 e - 15 sling bullets
Armour
 a - a +0 leather armour (worn)
Jewellery
 n - a ring of stealth (left claw)
Scrolls
 c - a scroll of blinking
 h - a scroll of random uselessness {unknown}
 i - 3 scrolls of remove curse {unknown}
 j - a scroll of identify {unknown}
 l - a scroll of fog {unknown}
 m - a scroll of recharging {unknown}
 o - a scroll of noise {unknown}
 q - a scroll of enchant armour {unknown}
 r - a scroll of fear {unknown}
Potions
 p - 2 potions of ambrosia {unknown}
 s - a potion of brilliance {unknown}
Books
 b - a book of Spatial Translocations

   Spells                             Type                      Level
   a - Blink                          Translocation                2
   b - Shroud of Golubria             Charms/Translocation         2
   c - Lesser Beckoning               Translocation                3
   d - Portal Projectile              Translocation                3
   e - Teleport Other                 Translocation                3
   f - Passage of Golubria            Translocation                4
Comestibles
 f - a meat ration
 g - 2 chunks of flesh
 k - a slice of pizza
 t - a royal jelly


   Skills:
 - Level 2.1 Fighting
 - Level 0.8 Throwing
 - Level 0.8 Armour
 - Level 1.7 Dodging
 + Level 4.8 Unarmed Combat
 - Level 1.7 Spellcasting
   Level 2.6 Translocations


You had 6 spell levels left.
You didn't know any spells.

Dungeon Overview and Level Annotations

Branches:
Dungeon (2/15)

Altars:


Innate Abilities, Weirdness & Mutations

Your body is rotting away.
You thrive on raw meat.
You are immune to poison.
You have sharp fingernails.
You are carnivorous and can eat meat at any time.
Your flesh is cold resistant. (rC+)
You are immune to negative energy. (rN+++)
You regenerate slowly when monsters are visible.
You are immune to unholy pain and torment.
You can survive without breathing.


Message History

You barely miss the gnoll.
The gnoll is heavily wounded.
The hound barely misses you. The gnoll hits you with a flail!
* * * LOW HITPOINT WARNING * * *
You scratch the gnoll.
The gnoll is almost dead.
The hound completely misses you. The hound bites you.
* * * LOW HITPOINT WARNING * * *
There is an open door here.
Eat one of 3 chunks of flesh? (ye/n/q)
You start eating one of the 3 chunks of flesh.
The hound stops to sniff the ground.
The gnoll hits you with a flail.
* * * LOW HITPOINT WARNING * * *
This raw flesh tastes great!
Eat one of 2 chunks of flesh? (ye/n/q)
You start eating one of the 2 chunks of flesh.
The gnoll hits you with a flail.
You die...

#+#+#P.##
#..hg@..#
#...#P..#
#.†.#...#
#####...#
##..#
#.## ##.#
#..# #.##
##.# #..#
#.## ##.#
#..#
##.##
#..#


You could see a hound and a gnoll.

Vanquished Creatures
  A hound (D:2)
  A worm (D:2)
  A leopard gecko (D:2)
  6 bats
  4 goblins (D:1)
  4 hobgoblins
  2 jackals (D:1)
  10 kobolds
  A frilled lizard (D:2)
  8 rats
38 creatures vanquished.

Notes
Turn   | Place    | Note
-------+----------+-------------------------------------------
     0 | D:1      | ImaNewbie the Ghoul Warper began the quest for the Orb.
     0 | D:1      | Reached XP level 1. HP: 17/17 MP: 2/2
   145 | D:1      | Reached skill level 3 in Unarmed Combat
   145 | D:1      | Reached XP level 2. HP: 18/24 MP: 3/3
   557 | D:1      | Reached XP level 3. HP: 23/29 MP: 4/4
   923 | D:2      | Reached skill level 4 in Unarmed Combat
  1127 | D:2      | Reached XP level 4. HP: 28/36 MP: 5/5
  1141 | D:2      | HP: 1/36 [gnoll/flail (6)]
  1142 | D:2      | Slain by a gnoll

Skill      XL: |  1  2  3 |
---------------+----------+-----
Unarmed Combat | 3 4 |  4.8
Fighting       | |  2.1
Throwing       | |  0.8
Armour         | |  0.8
Dodging        | |  1.7
Spellcasting   | |  1.7
Translocations | |  2.6

Action                   |  1- 3 |  4- 6 || total
-------------------------+-------+-------++-------
Melee: Unarmed           |   136 |    11 ||   147
       Punch             |     1 |       ||     1
 Stab: Sleeping          |     3 |       ||     3
  Eat: Chunk             |    10 |     1 ||    11
Armor: Leather armour    |    44 |     1 ||    45
Dodge: Dodged            |    99 |    20 ||   119
